 Dungeon Crawl Stone Soup version 0.26-a0-812-g31a745ddcd (webtiles) character file.

Game seed: 13533319093086067200

3920 vurker the Sneak (level 10, 0/74 HPs)
             Began as a Gnoll Enchanter on Dec 4, 2020.
             Was a Follower of Cheibriados.
             Slain by Gastronok (23 damage)
             ... on level 8 of the Dungeon.
             The game lasted 00:18:36 (13302 turns).

vurker the Sneak (Gnoll Enchanter)                 Turns: 13302, Time: 00:18:37

Health: 0/74       AC:  8    Str: 12    XL:     10   Next: 20%
Magic:  20/20      EV: 16    Int: 24    God:    Cheibriados [*.....]
Gold:   208        SH:  6    Dex: 17    Spells: 23/23 levels left

rFire    . . .     SeeInvis +   g - +2 flail (venom)
rCold    . . .     Faith    .   F - +0 buckler
rNeg     . . .     Spirit   .   u - +1 leather armour {MR+}
rPois    .         Reflect  .   (no helmet)
rElec    .         Harm     .   B - +0 cloak
rCorr    +         Rampage  .   i - +1 pair of gloves
MR       +....                  (no boots)
Stlth    ++++......             (no amulet)
HPRegen  0.22/turn              f - ring of resist corrosion
MPRegen  0.17/turn              E - ring of see invisible

@: very slow
A: distributed training, fangs 1, strong nose
a: Bend Time, Renounce Religion


You were on level 8 of the Dungeon.
You worshipped Cheibriados.
Cheibriados was aware of your devotion.
You visited 2 branches of the dungeon, and saw 9 of its levels.

You collected 392 gold pieces.
You spent 184 gold pieces at shops.

Inventory:

Hand Weapons
 a - a +3 war axe of flaming
   (You took it off an orc on level 4 of the Dungeon)
 e - a +3 falchion
   (You took it off an orc on level 6 of the Dungeon)
 g - a +2 flail of venom (weapon)
   (You took it off an orc on level 7 of the Dungeon)
 z - the +5 spear of the Lamprey {holy, Stlth+}
   (You bought it in a shop on level 5 of the Dungeon)

   It has been blessed by the Shining One to cause great damage to the undead
   and demons.
   It makes you more stealthy.
Armour
 i - a +1 pair of gloves (worn)
   (You found it on level 1 of the Dungeon)
 u - a +1 leather armour of magic resistance (worn)
   (You took it off an orc on level 6 of the Dungeon)
 B - a +0 cloak (worn)
   (You found it on level 3 of the Dungeon)
 F - a +0 buckler (worn)
   (You found it on level 6 of the Dungeon)
Jewellery
 f - a ring of resist corrosion (left hand)
   (You found it on level 1 of the Dungeon)
 E - a ring of see invisible (right hand)
   (You found it on level 6 of the Dungeon)
Wands
 d - a wand of iceblast (12)
   (You found it on level 5 of the Dungeon)
 s - a wand of enslavement (2)
   (You found it on level 3 of the Dungeon)
 t - a wand of flame (9)
   (You found it on level 5 of the Dungeon)
 x - a wand of acid (3)
   (You found it on level 6 of the Dungeon)
Scrolls
 c - 2 scrolls of immolation
 k - a scroll of enchant weapon
 l - 7 scrolls of teleportation
 m - 2 scrolls of remove curse
 o - 2 scrolls of enchant armour
 v - 2 scrolls of fog
 y - a scroll of blinking
Potions
 b - a potion of might {unknown}
 j - a potion of curing
 n - a potion of flight {unknown}
 p - 3 potions of invisibility
 w - 2 potions of magic
 C - a potion of haste


   Skills:
 + Level 5.0 Fighting
 + Level 5.7 Short Blades
 + Level 5.0 Long Blades
 + Level 5.0 Axes
 + Level 5.0 Maces & Flails
 + Level 5.0 Polearms
 + Level 5.0 Staves
 + Level 5.0 Slings
 + Level 5.0 Bows
 + Level 5.0 Crossbows
 + Level 5.0 Throwing
 + Level 5.0 Armour
 + Level 6.9 Dodging
 + Level 7.9 Stealth
 + Level 5.0 Shields
 + Level 5.0 Unarmed Combat
 + Level 7.2 Spellcasting
 + Level 4.1 Conjurations
 + Level 7.0 Hexes
 + Level 4.1 Summonings
 + Level 4.1 Necromancy
 + Level 4.1 Translocations
 + Level 4.1 Transmutations
 + Level 4.1 Fire Magic
 + Level 4.1 Ice Magic
 + Level 4.1 Air Magic
 + Level 4.1 Earth Magic
 + Level 4.1 Poison Magic
 + Level 5.5 Invocations
 + Level 5.0 Evocations


You had 23 spell levels left.
You didn't know any spells.
Your spell library contained the following spells:

 Spells                   Type           Power        Failure   Level
 Corona                   Hex            #####..      1%          1
 Ensorcelled Hibernation  Hex/Ice        #####.       1%          2
 Confusing Touch          Hex            #####...     1%          3
 Tukima's Dance           Hex            #####...     1%          3
 Dazzling Flash           Conj/Hex       #####.       2%          3


Dungeon Overview and Level Annotations

Branches:
Dungeon (8/15)             Temple (1/1) D:7
   Lair: D:8-11

Altars:
Ashenzari
Cheibriados
Dithmenos
Elyvilon
Fedhas
Gozag
Hepliaklqana
Kikubaaqudgha
Makhleb
Okawaru
Qazlal
Ru
Sif Muna
Trog
Uskayaw
Vehumet
Yredelemnul
Zin

Shops:
D:5 ([((

Annotations:
D:4 exclusion: statue
D:8 Gastronok


Innate Abilities, Weirdness & Mutations

Your experience applies equally to all skills.
You have very sharp teeth.
Your uncanny sense of smell can sniff out nearby items.


Message History

The bat barely misses you. The quokka closely misses you. x2
You hit Gastronok.
Gastronok looks as sick as possible!
You block the bat's attack. The quokka bites you. Gastronok bites you!!
* * * LOW HITPOINT WARNING * * *
You hit Gastronok.
Gastronok looks as sick as possible!
The bat hits you but does no damage. x2; The quokka barely misses you.
You hit Gastronok.
Gastronok looks as sick as possible!
The bat hits you but does no damage. You block the quokka's attack.
Gastronok casts a spell.
Gastronok puts on a burst of speed!
The quokka misses you.
You hit Gastronok.
Gastronok looks as sick as possible!
You bite Gastronok, but do no damage. The bat barely misses you.
The quokka barely misses you. Gastronok bites you!
* * * LOW HITPOINT WARNING * * *
You feel better. The quokka barely misses you. The bat barely misses you.
Aim: a bat (summoned)
The bolt of acid misses the bat.
The bat misses you.
The quokka bites you but does no damage.
The bat hits you but does no damage.
Gastronok chants a spell, wobbling all the while.
Aim: Gastronok, wearing a +2 hat of intelligence (heavily wounded, covering ground quickly, extremely poisoned)
The bolt of acid hits Gastronok!
Gastronok is splashed with acid.
The acid corrodes Gastronok!
The bat misses you. The quokka barely misses you.
The quokka twitches its whiskers.
The quokka closely misses you.
Aim: Gastronok, wearing a +2 hat of intelligence (heavily wounded, covering ground quickly, extremely poisoned, covered in acid)
The bolt of acid hits Gastronok!
Gastronok is splashed with acid.
You block the bat's attack. The bat closely misses you.
You block the bat's attack. The quokka completely misses you.
Gastronok completely misses you.
You hit Gastronok.
Gastronok looks as sick as possible!
The bat barely misses you. The rat bites you but does no damage.
You block the quokka's attack. The rat barely misses you.
You sock Gastronok!
Gastronok looks as sick as possible!
The bat barely misses you. The quokka closely misses you. The rat misses you.
Gastronok closely misses you. The quokka misses you.
You hit Gastronok. The bat hits you but does no damage.
You block the quokka's attack. The rat closely misses you.
You hit Gastronok. The bat barely misses you. You block the bat's attack.
The quokka misses you. You block the rat's attack.
Gastronok chants a spell, wobbling all the while.
You thump Gastronok!
Gastronok looks as sick as possible!
You bite Gastronok.
Gastronok is no longer covered in acid.
The bat disappears in a puff of smoke!
The rat disappears in a puff of smoke!
You block the bat's attack. You block the quokka's attack.
The quokka closely misses you.
You hit Gastronok but do no damage.
Gastronok looks as sick as possible!
The bat completely misses you. You block the bat's attack.
The quokka completely misses you. The quokka barely misses you.
Gastronok bites you!!
You die...

............# ##.##
............# #..#
##........)..#########.#
.......)....รท...........
#.....).....##########.
#...........# #.
#...........# ##
#...........#
#....b@r....#
#....rw.....#
#.....r.....#
#####...##### #...# .....
##...# #####


You could see Gastronok (swift, extremely poisoned), 2 quokkas, a bat (summoned)
and a rat (summoned).

Vanquished Creatures
  A water moccasin (D:6)
  Duvessa (D:5)
  4 orc warriors
  An ice beast (D:6)
  2 black bears
  4 phantoms
  2 sky beasts
  3 ogres
  2 centaurs
  7 bullfrogs
  Dowan (D:5)
  2 scorpions
  A wyvern skeleton (D:7)
  3 killer bees (D:7)
  A jelly (D:7)
  3 howler monkeys
  A bullfrog zombie (D:8)
  A centaur zombie (D:5)
  A quasit (D:5)
  A bullfrog skeleton (D:6)
  4 hounds
  8 orc priests
  2 centaur skeletons
  An iguana (D:5)
  5 orc wizards
  5 worker ants
  A hound zombie (D:8)
  A hound skeleton (D:5)
  A worker ant zombie (D:5)
  5 gnolls (D:7)
  7 adders
  A white imp (D:5)
  An ufetubus (D:6)
  3 adder skeletons
  2 dart slugs
  A worm (D:2)
  4 leopard geckos
  32 orcs
  6 bats
  2 giant cockroaches
  4 goblins
  7 hobgoblins
  7 jackals
  3 quokkas
  2 ball pythons
  4 frilled lizards
  6 kobolds
  A leopard gecko skeleton (D:7)
  A quokka zombie (D:5)
  10 rats
179 creatures vanquished.

Vanquished Creatures (collateral kills)
  An orc wizard (D:3)
  A gnoll (D:7)
  6 orcs (D:7)
8 creatures vanquished.

Vanquished Creatures (others)
  An orc warrior (D:7)
  A gnoll (D:7)
2 creatures vanquished.

Grand Total: 189 creatures vanquished

Notes
Turn   | Place    | Note
-------+----------+-------------------------------------------
     0 | D:1      | vurker the Gnoll Enchanter began the quest for the Orb.
     0 | D:1      | Reached XP level 1. HP: 13/13 MP: 6/6
   456 | D:1      | Reached XP level 2. HP: 19/19 MP: 7/7
  1071 | D:2      | Reached XP level 3. HP: 25/25 MP: 9/9
  1102 | D:2      | Reached skill level 5 in Spellcasting
  1576 | D:1      | Reached skill level 1 in Invocations
  2152 | D:2      | Reached skill level 1 in Fighting
  2152 | D:2      | Reached skill level 1 in Long Blades
  2152 | D:2      | Reached skill level 1 in Axes
  2152 | D:2      | Reached skill level 1 in Maces & Flails
  2152 | D:2      | Reached skill level 1 in Polearms
  2152 | D:2      | Reached skill level 1 in Staves
  2152 | D:2      | Reached skill level 1 in Slings
  2152 | D:2      | Reached skill level 1 in Bows
  2152 | D:2      | Reached skill level 1 in Crossbows
  2152 | D:2      | Reached skill level 1 in Throwing
  2152 | D:2      | Reached skill level 1 in Armour
  2152 | D:2      | Reached skill level 1 in Shields
  2152 | D:2      | Reached skill level 1 in Unarmed Combat
  2152 | D:2      | Reached skill level 1 in Evocations
  2448 | D:3      | Noticed a +0 hand axe
  2448 | D:3      | Noticed a +0 hand axe
  2493 | D:3      | Reached XP level 4. HP: 26/32 MP: 11/11
  2704 | D:3      | Found a hide-covered altar of Uskayaw.
  3133 | D:2      | Reached skill level 1 in Conjurations
  3133 | D:2      | Reached skill level 1 in Summonings
  3133 | D:2      | Reached skill level 1 in Necromancy
  3133 | D:2      | Reached skill level 1 in Translocations
  3133 | D:2      | Reached skill level 1 in Transmutations
  3133 | D:2      | Reached skill level 1 in Fire Magic
  3133 | D:2      | Reached skill level 1 in Ice Magic
  3133 | D:2      | Reached skill level 1 in Air Magic
  3133 | D:2      | Reached skill level 1 in Earth Magic
  3133 | D:2      | Reached skill level 1 in Poison Magic
  3525 | D:4      | Noticed a phantom
  3537 | D:4      | Reached XP level 5. HP: 26/37 MP: 12/12
  3629 | D:4      | Noticed a phantom
  4489 | D:4      | Reached XP level 6. HP: 24/44 MP: 13/13
  5045 | D:4      | Found a radiant altar of Vehumet.
  5375 | D:5      | Entered Level 5 of the Dungeon
  5423 | D:5      | Found Japid's Antique Weapon Emporium.
  5445 | D:5      | Reached skill level 5 in Dodging
  5524 | D:5      | Bought a warped spear for 184 gold pieces
  5524 | D:5      | Identified the +5 spear of the Lamprey {holy, Stlth+} (You
                  | bought it in a shop on level 5 of the Dungeon)
  5561 | D:3      | Found a hide-covered altar of Uskayaw.
  5569 | D:3      | Killed a phantom
  5799 | D:3      | Killed a phantom
  5799 | D:3      | Reached XP level 7. HP: 50/50 MP: 15/15
  6093 | D:5      | Found Muxked's Antique Armour Boutique.
  6898 | D:5      | Found Siukuz's Antique Weapon Emporium.
  7241 | D:5      | Reached XP level 8. HP: 23/57 MP: 16/16
  7417 | D:5      | Found an ancient bone altar of Kikubaaqudgha.
  7438 | D:5      | Noticed Duvessa
  7459 | D:5      | Killed Duvessa
  7805 | D:5      | Found Giakileu's Antique Weapon Emporium.
  7936 | D:5      | Found an ancient bone altar of Kikubaaqudgha.
  7950 | D:5      | Noticed Dowan
  7954 | D:5      | Found Muxked's Antique Armour Boutique.
  7970 | D:5      | Killed Dowan
  8373 | D:5      | Found Japid's Antique Weapon Emporium.
  8425 | D:5      | Found Siukuz's Antique Weapon Emporium.
  8456 | D:5      | Found Giakileu's Antique Weapon Emporium.
  9246 | D:6      | Reached XP level 9. HP: 50/65 MP: 18/18
  9824 | D:6      | Found a blossoming altar of Fedhas.
 10838 | D:6      | Reached skill level 5 in Short Blades
 10978 | D:6      | Found an iron altar of Okawaru.
 11706 | D:7      | Reached skill level 5 in Invocations
 12187 | D:7      | Found a staircase to the Ecumenical Temple.
 12460 | Temple   | Entered the Ecumenical Temple
 12468 | Temple   | Became a worshipper of Cheibriados the Contemplative
 12725 | D:7      | Reached XP level 10. HP: 60/73 MP: 20/20
 12763 | D:7      | Found a hazy altar of Hepliaklqana.
 12980 | D:8      | Reached skill level 5 in Fighting
 12980 | D:8      | Reached skill level 5 in Long Blades
 12980 | D:8      | Reached skill level 5 in Axes
 12980 | D:8      | Reached skill level 5 in Maces & Flails
 12980 | D:8      | Reached skill level 5 in Polearms
 12980 | D:8      | Reached skill level 5 in Staves
 12980 | D:8      | Reached skill level 5 in Slings
 12980 | D:8      | Reached skill level 5 in Bows
 12980 | D:8      | Reached skill level 5 in Crossbows
 12980 | D:8      | Reached skill level 5 in Throwing
 12980 | D:8      | Reached skill level 5 in Armour
 12980 | D:8      | Reached skill level 5 in Shields
 12980 | D:8      | Reached skill level 5 in Unarmed Combat
 12980 | D:8      | Reached skill level 5 in Evocations
 13010 | D:8      | Noticed Gastronok
 13113 | D:8      | Reached * piety under Cheibriados
 13302 | D:8      | Slain by Gastronok

Illustrated notes

Levels and vault maps discovered:
D:1:      lightli_arrival_quake, layout_basic, kennysheep_decorative_pillar,
          dk_noncrumbling_4
D:2:      layout_loops_ring, nrook_mini_backslash,
          chequers_serial_rivers_micro_b, minmay_fractal_squares_5
D:3:      layout_loops_ring, dancing_weapons_uskayaw
D:4:      layout_rooms, vehumet_statue
D:5:      layout_rooms, basic_altar, serial_shops, shop,
          nicolae_shop_temple_entry_statues_fountains, shop,
          kennysheep_mini_moat, uniq_duvessa
D:6:      layout_gridville, okawaru_ov_weapons_minmay, serial_co_window_serial,
          co_window_corner_a, co_window_of_opportunity_a, co_window_paths_a,
          co_window_corner_a, co_window_of_opportunity_a, co_window_2corner,
          co_window_2corner, co_window_of_opportunity_b, glass_columns_b,
          glass_columns_a, glass_columns_b, glass_columns_a, glass_columns_c,
          serial_park_tiny_pond, fedhas_bush_and_centaur_altar
D:7:      layout_basic, lemuel_doored_altar, minmay_temple_entry_trees
D:8:      layout_basic, marbit_many_paths, lair_entry_dummy, uniq_gastronok
Temple:   nicolae_temple_x_marks_the_god

Skill      XL: |  1  2  3  4  5  6  7  8  9 10 |
---------------+-------------------------------+-----
Spellcasting   | 5 6 7 |  7.2
Stealth        | 6 7 |  7.9
Invocations    | 1 2 3 4 5 |  5.5
Fighting       | 1 2 3 4 5 |  5.0
Long Blades    | 1 2 3 4 5 |  5.0
Axes           | 1 2 3 4 5 |  5.0
Maces & Flails | 1 2 3 4 5 |  5.0
Polearms       | 1 2 3 4 5 |  5.0
Staves         | 1 2 3 4 5 |  5.0
Slings         | 1 2 3 4 5 |  5.0
Bows           | 1 2 3 4 5 |  5.0
Crossbows      | 1 2 3 4 5 |  5.0
Throwing       | 1 2 3 4 5 |  5.0
Armour         | 1 2 3 4 5 |  5.0
Shields        | 1 2 3 4 5 |  5.0
Unarmed Combat | 1 2 3 4 5 |  5.0
Evocations     | 1 2 3 4 5 |  5.0
Conjurations   | 1 2 3 4 |  4.1
Summonings     | 1 2 3 4 |  4.1
Necromancy     | 1 2 3 4 |  4.1
Translocations | 1 2 3 4 |  4.1
Transmutations | 1 2 3 4 |  4.1
Fire Magic     | 1 2 3 4 |  4.1
Ice Magic      | 1 2 3 4 |  4.1
Air Magic      | 1 2 3 4 |  4.1
Earth Magic    | 1 2 3 4 |  4.1
Poison Magic   | 1 2 3 4 |  4.1
Short Blades   | 3 4 5 |  5.7
Dodging        | 5 6 |  6.9
Hexes          | 6 7 |  7.0

Action                   |  1- 3 |  4- 6 |  7- 9 | 10-12 || total
-------------------------+-------+-------+-------+-------++-------
Melee: Dagger            |   197 |   198 |       |       ||   395
       Bite              |    12 |    25 |    50 |    11 ||    98
       Spear             |       |    17 |   212 |     8 ||   237
       Punch             |       |       |     4 |       ||     4
       War axe           |       |       |   138 |       ||   138
       Flail             |       |       |    99 |    75 ||   174
Throw: Dart              |     1 |       |       |       ||     1
Evoke: Wand              |       |     1 |    18 |     3 ||    22
  Use: Potion            |       |     5 |     3 |     1 ||     9
       Scroll            |       |       |    15 |     1 ||    16
 Stab: Sleeping          |    15 |     8 |    14 |       ||    37
       Paralysed         |       |       |    12 |       ||    12
       Distracted        |       |       |       |     1 ||     1
Armor: Robe              |    40 |    15 |    32 |       ||    87
       Leather armour    |       |       |    25 |    24 ||    49
       Skin              |       |       |     8 |       ||     8
Dodge: Dodged            |   149 |   148 |   283 |   114 ||   694
Block: Buckler           |       |       |    57 |    46 ||   103

Table legend: (Time is in decaauts)
 A = Elapsed time spent in this place.
 B = Non-inter-level travel time spent in this place.
 C = Inter-level travel time spent in this place.
 D = Time resting spent in this place.
 E = Time spent auto-exploring this place.
 F = Levels seen in this place.
 G = Mean time per level.
                   A        B        C        D        E       F      G
               +--------+--------+--------+--------+--------+-----+--------+
         Total |  13385 |  12996 |    389 |   2061 |   8711 |   9 | 1487.2 |
       Dungeon |  13367 |  12986 |    381 |   2061 |   8711 |   8 | 1670.9 |
        Temple |     18 |     10 |      8 |      0 |      0 |   1 |   18.0 |
               +--------+--------+--------+--------+--------+-----+--------+

Top non-repeatable levels by time:
     D:5: 2395 daAuts
     D:6: 2237 daAuts
     D:4: 2069 daAuts
     D:7: 1903 daAuts
     D:3: 1598 daAuts
     D:2: 1557 daAuts
     D:1: 1165 daAuts
     D:8: 439 daAuts
  Temple: 18 daAuts
